 Dungeon Sprint DCSS version 0.19-a0-1401-g902f63d (webtiles) character file.

613 poirepourri the Markself (level 7, -4/49 HPs)
             Began as a High Elf Hunter on Sept 4, 2016.
             Was an Initiate of Okawaru.
             Slain by a centaur warrior (14 damage)
             ... in the Dungeon (Sprint I: "Red Sonja").
             The game lasted 00:03:34 (1073 turns).

poirepourri the Markself (High Elf Hunter)          Turns: 1073, Time: 00:03:35

Health: -4/49      AC:  4    Str: 11    XL:     7   Next: 20%
Magic:  8/8        EV: 15    Int: 16    God:    Okawaru [......]
Gold:   573        SH:  0    Dex: 17    Spells: 0 memorised, 6 levels left

rFire  . . .     SeeInvis .     b - +0 short sword
rCold  . . .     Gourm    .     c - +0 leather armour
rNeg   . . .     Faith    .     (no shield)
rPois  .         Spirit   .     l - +0 helmet
rElec  .         Dismiss  .     (no cloak)
rCorr  .         Reflect  .     (no gloves)
MR     .....     Harm     .     (no boots)
Stlth  ++........ NoTele   +    (no amulet)
                                (no ring)
                                (no ring)

@: no status effects
A: no striking features
a: Renounce Religion


You were in the Dungeon.
You worshipped Okawaru.
Okawaru was noncommittal.
You were not hungry.

You visited 1 branch You collected 618 gold pieces.
You spent 45 gold pieces at shops.

Inventory:

Hand Weapons
 a - a +1 shortbow
 b - a +0 short sword (weapon)
Missiles
 d - 7 arrows
Armour
 c - a +0 leather armour (worn)
 l - a +0 helmet (worn)
Potions
 e - 3 potions of curing
 h - a potion of haste
 i - 2 potions of magic
 j - 2 potions of berserk rage


   Skills:
 + Level 4.4 Fighting
 + Level 0.5 Short Blades
 + Level 17.7 Bows
 + Level 1.3 Armour
 + Level 5.1 Dodging
 - Level 1.1 Stealth


You had 6 spell levels left.
You didn't know any spells.

Dungeon Overview and Level Annotations

Branches:
Dungeon (1/1)

Altars:
Cheibriados
Dithmenos
Elyvilon
Fedhas
Gozag
Hepliaklqana
Kikubaaqudgha
Makhleb
Nemelex Xobeh
Okawaru
Qazlal
Ru
Sif Muna
Trog
Uskayaw
Vehumet
Xom
Yredelemnul
Zin
The Shining One
Jiyva
Lugonu

Shops:
D *

Annotations:
D Sonja


Message History

The centaur warrior hits you but does no damage.
You barely miss the centaur warrior.
The centaur warrior is moderately wounded.
The centaur warrior hits you but does no damage.
The centaur warrior hits you.
You completely miss the centaur warrior.
The centaur warrior is moderately wounded.
The centaur warrior hits you!
You hit the centaur warrior.
The centaur warrior is moderately wounded.
The centaur warrior misses you. The centaur warrior hits you.
You hit the centaur warrior.
The centaur warrior is moderately wounded.
The centaur warrior closely misses you. The centaur warrior hits you!
You barely miss the centaur warrior.
The centaur warrior is moderately wounded.
The centaur warrior hits you!
* * * LOW HITPOINT WARNING * * *
You feel better. The centaur warrior hits you!
You die...

###################************
#<.#..'..#..'..#__#,,+,,,*,,*,,
#..)..#..').#..'..+,,*,,,**+*,*
#..#####'#####@#__#***,,,+,,*,*
#..####..#...#c####§§*****,,+,*
#.)#__####..##c#§§§c§*,,**+****
#..#_____##'#(.§§≈≈§§+,,*,,,,,*
#⌠⌠#_.∩...'..._#§≈≈§c*,,*,,,,,+
####_..__##_.#'##+###**+***,,,*
*,,#_____###'#(#,,,,***,+,*,,,*
***#########.###*+***,***,*,,**
*∩,,,,,,,,+...+,,,,,+,∩**,*,,**


You could see 2 centaur warriors.

Vanquished Creatures
  A slime creature (D)
  A yak (D)
  Sigmund (D)
  An ogre (D)
  A jelly (D)
  Ijyb (D)
  5 ballistomycetes (D)
11 creatures vanquished.

Vanquished Creatures (others)
  A gargoyle (D)
  2 giant spores (D)
3 creatures vanquished.

Grand Total: 14 creatures vanquished

Notes
Turn   | Place    | Note
-------+----------+-------------------------------------------
     0 | D        | poirepourri the High Elf Hunter began the quest for the Orb.
     0 | D        | Reached XP level 1. HP: 14/14 MP: 2/2
     3 | D        | Noticed Ijyb
    13 | D        | Killed Ijyb
    13 | D        | Reached skill level 8 in Bows
    13 | D        | Reached XP level 2. HP: 17/19 MP: 3/3
    64 | D        | Noticed an ogre
    69 | D        | Killed an ogre
    69 | D        | Reached skill level 12 in Bows
    69 | D        | Reached XP level 3. HP: 26/26 MP: 4/4
    69 | D        | Reached XP level 4. HP: 31/31 MP: 5/5
    92 | D        | Noticed Sigmund
   103 | D        | Killed Sigmund
   103 | D        | Reached skill level 14 in Bows
   103 | D        | Reached XP level 5. HP: 26/37 MP: 6/6
   109 | D        | Killed a gargoyle
   275 | D        | Found a deep blue altar of Sif Muna.
   282 | D        | Reached skill level 15 in Bows
   282 | D        | Reached XP level 6. HP: 43/43 MP: 7/7
   284 | D        | Found a radiant altar of Vehumet.
   334 | D        | Found a burning altar of Makhleb.
   334 | D        | Found a viscous altar of Jiyva.
   334 | D        | Found a shimmering altar of Xom.
   334 | D        | Found a corrupted altar of Lugonu.
   334 | D        | Noticed a slime creature
   343 | D        | Killed a slime creature
   343 | D        | Reached skill level 16 in Bows
   430 | D        | Found Dentep's General Store.
   430 | D        | Found an ancient bone altar of Kikubaaqudgha.
   430 | D        | Found a hazy altar of Hepliaklqana.
   430 | D        | Found a stormy altar of Qazlal.
   430 | D        | Found a hide-covered altar of Uskayaw.
   430 | D        | Found a blossoming altar of Fedhas.
   430 | D        | Found a bloodstained altar of Trog.
   430 | D        | Found an iron altar of Okawaru.
   430 | D        | Found a basalt altar of Yredelemnul.
   430 | D        | Found a glowing golden altar of the Shining One.
   430 | D        | Found a snail-covered altar of Cheibriados.
   430 | D        | Found a sacrificial altar of Ru.
   430 | D        | Found a glowing silver altar of Zin.
   430 | D        | Found a shadowy altar of Dithmenos.
   430 | D        | Found a white marble altar of Elyvilon.
   430 | D        | Noticed a yak
   451 | D        | Killed a yak
   451 | D        | Reached skill level 17 in Bows
   451 | D        | Reached skill level 1 in Armour
   451 | D        | Reached skill level 5 in Dodging
   451 | D        | Reached XP level 7. HP: 21/49 MP: 8/8
   666 | D        | Found an opulent altar of Gozag.
   673 | D        | Found a sparkling altar of Nemelex Xobeh.
   684 | D        | Became a worshipper of Warmaster Okawaru
   702 | D        | Noticed Sonja
  1018 | D        | Bought a scroll of magic mapping for 45 gold pieces
  1059 | D        | Noticed a centaur warrior
  1059 | D        | Noticed a centaur warrior
  1073 | D        | Slain by a centaur warrior

Vault maps used:
D:        dungeon_sprint_1

Skill      XL: |  1  2  3  4  5  6 |
---------------+-------------------+-----
Bows           | 8 12 14 15 17 | 17.7
Fighting       | 3 4 |  4.4
Dodging        | 3 4 5 |  5.1
Armour         | 1 |  1.3
Short Blades   | |  0.5
Stealth        | |  1.1

Action                   |  1- 3 |  4- 6 |  7- 9 || total
-------------------------+-------+-------+-------++-------
Melee: Short sword       |       |     4 |    54 ||    58
 Fire: Shortbow          |    13 |    38 |    14 ||    65
  Use: Potion            |       |     1 |     3 ||     4
       Scroll            |       |     1 |     1 ||     2
  Eat: Bread ration      |       |       |     1 ||     1
Armor: Leather armour    |       |     3 |     3 ||     6
Dodge: Dodged            |     3 |     9 |     7 ||    19
